 Dungeon Crawl Stone Soup version 0.16.0-12-g7215832 (webtiles) character file.

3839 Chiseanne the Martial Artist (level 10, 0/55 HPs)
             Began as a Vine Stalker Monk on Mar 18, 2015.
             Was an Initiate of Gozag.
             Slain by a white ugly thing (10 damage)
             ... on level 9 of the Dungeon.
             The game lasted 00:30:09 (6694 turns).

Chiseanne the Martial Artist (Vine Stalker Monk)    Turns: 6694, Time: 00:30:09

Health: 0/55       AC:  6    Str: 13    XL:     10   Next: 18%
Magic:  0/22       EV: 13    Int: 10    God:    Gozag
Gold:   1046       SH:  6    Dex: 21    Spells: 0 memorised, 9 levels left

rFire  + . .     SeeInvis .       - Unarmed
rCold  . . .     Clarity  .     e - +3 leather armour {rF+}
rNeg   . . .     SustAb   .     j - +0 buckler
rPois  +         Gourm    .     (no helmet)
rElec  .         Spirit   +     (no cloak)
rCorr  .         Warding  .     (no gloves)
rMut   .         Stasis   .     (no boots)
MR     +....                    (no amulet)
Stlth  ++........               n - ring of magical power
                                r - ring of poison resistance

@: very slightly contaminated, somewhat resistant to hostile enchantments,
unstealthy
A: fangs 3, regeneration 2, magic shield, antimagic bite, no device heal 3, rot
immunity
a: Potion Petition, Call Merchant, Bribe Branch, Renounce Religion


You were on level 9 of the Dungeon.
You worshipped Gozag.
Gozag was noncommittal.
You were not hungry.

You visited 2 branches of the dungeon, and saw 10 of its levels.

You collected 1396 gold pieces.
You spent 350 gold pieces at shops.

Inventory:

Hand weapons
 w - a +0 blowgun
Missiles
 l - 5 needles of confusion
 p - 14 tomahawks (quivered)
 q - 5 needles of sleeping
 s - 20 poisoned needles
 v - 2 throwing nets
 E - 7 javelins
Armour
 e - a +3 leather armour of fire resistance (worn)
 f - a +0 leather armour of fire resistance
 h - a +1 chain mail of magic resistance
 j - a +0 buckler (worn)
 B - the +0 leather armour "Kueniv" {rElec rF+ rN+ MR- SInv, unknown}
   (You found it on level 7 of the Dungeon)

   It protects you from fire.
   It insulates you from electricity.
   It protects you from negative energy.
   It affects your resistance to hostile enchantments.
   It enhances your eyesight.
Jewellery
 n - a ring of magical power (right hand)
 r - a ring of poison resistance (left hand)
 t - an uncursed ring of ice
Magical devices
 i - a wand of draining (0)
 u - a wand of digging (19)
Scrolls
 d - 5 scrolls of magic mapping
 g - 6 scrolls of teleportation
 A - a scroll of immolation
 G - a scroll of fear
Potions
 c - 6 potions of curing
 k - a potion of restore abilities {unknown}
 m - 3 potions of agility
 o - 4 potions of heal wounds {unknown}
 x - a potion of haste
 y - a potion of invisibility {unknown}
 z - a potion of flight {unknown}
 D - 2 potions of brilliance {unknown}
 F - a potion of cancellation {unknown}
 H - a potion of berserk rage {unknown}
Comestibles
 a - 4 meat rations
 b - a bread ration


   Skills:
 * Level 7.5 Fighting
 * Level 4.5 Armour
 - Level 2.7 Dodging
 - Level 2.4 Stealth
 * Level 5.4 Shields
 * Level 9.6 Unarmed Combat


You had 9 spell levels left.
You didn't know any spells.

Dungeon Overview and Level Annotations

Branches:
Dungeon (9/15)             Temple (1/1) D:6
   Lair: D:8-11         Orc: D:9-12

Altars:
Ashenzari
Cheibriados
Dithmenos
Elyvilon
Fedhas
Gozag
Kikubaaqudgha
Makhleb
Nemelex Xobeh
Okawaru
Qazlal
Ru
Sif Muna
Trog
Xom
Yredelemnul
Zin
The Shining One

Shops:
D:6 (   D:7 *


Innate Abilities, Weirdness & Mutations

You have razor-sharp teeth.
You heal very quickly.
When hurt, damage is shared between your health and your magic reserves.
Your bite disrupts and absorbs the magic of your enemies.
Potions and wands cannot restore your health.
You are immune to rotting.


Message History

Aim: a white ugly thing (lightly wounded)
The bolt of negative energy hits the white ugly thing.
The white ugly thing is drained!
The white ugly thing is moderately wounded.
Evoking this partially-identified wand wasted a few charges.
Evoke which item? (* to show all) (? for menu, Esc to quit)
Zapping:
i - a wand of draining {zapped: 3} (will waste charges)
Press: ? - help, Shift-Dir - straight line, f/p - white ugly thing
Aim: a white ugly thing (moderately wounded, lightly drained)
The bolt of negative energy misses the white ugly thing.
Evoking this partially-identified wand wasted a few charges.
Evoke which item? (* to show all) (? for menu, Esc to quit)
Zapping:
i - a wand of draining {zapped: 6} (will waste charges)
Press: ? - help, Shift-Dir - straight line, f/p - white ugly thing
Aim: a white ugly thing (moderately wounded, lightly drained) Nothing appears to happen.
The white ugly thing gores you!
* * * LOW HITPOINT WARNING * * *
The white ugly thing freezes you!
You die...
Your body crumbles into a pile of gold.

#.# #.#
#.# #.#
#.# #.#
#.# #u#
#@#
#.#######
#.......#
#.#####.#
### #.#
#.# #.#
#.# #.#


You could see a white ugly thing.

Vanquished Creatures
  A wyvern (D:8)
  A hungry ghost (D:8)
  2 orc warriors
  2 ice beasts
  2 black bears
  2 ogres
  A sky beast (D:8)
  The ghost of Nefaurd the Insei, an average DrTm (D:3)
  2 centaurs
  A phantom (D:8)
  4 giant frogs
  A wyvern skeleton (D:7)
  13 killer bees
  9 wights
  2 goliath beetles (D:6)
  4 crimson imps
  2 giant frog skeletons
  A giant frog zombie (D:7)
  An iguana (D:8)
  3 hounds
  4 orc wizards
  2 jellies
  6 orc priests
  5 worker ants
  Jessica (D:3)
  8 adders
  2 shadow imps
  4 giant mites
  3 worms
  An adder skeleton (D:5)
  6 giant geckos
  33 orcs
  2 ball pythons (D:2)
  7 giant cockroaches
  15 goblins
  8 hobgoblins
  8 jackals
  2 quokkas (D:7)
  9 bats
  7 giant newts
  10 kobolds
  13 rats
  A plant (D:8)
212 creatures vanquished.

Notes
Turn   | Place    | Note
--------------------------------------------------------------
     0 | D:1      | Chiseanne, the Vine Stalker Monk, began the quest for the Orb.
     0 | D:1      | Reached XP level 1. HP: 11/11 MP: 1/1
   274 | D:1      | Reached XP level 2. HP: 16/16 MP: 3/3
   824 | D:1      | Reached XP level 3. HP: 13/19 MP: 4/4
   884 | D:2      | Found an opulent altar of Gozag.
   919 | D:2      | Became a worshipper of Gozag Ym Sagoz the Greedy
  1319 | D:2      | Reached XP level 4. HP: 24/24 MP: 5/5
  1563 | D:3      | Noticed Nefaurd's ghost (average DrTm)
  1580 | D:3      | Killed Nefaurd's ghost
  1580 | D:3      | Reached skill level 1 in Armour
  1580 | D:3      | Reached skill level 1 in Shields
  1580 | D:3      | Reached skill level 5 in Unarmed Combat
  1580 | D:3      | Reached XP level 5. HP: 17/28 MP: 5/7
  1676 | D:3      | Found a basalt altar of Yredelemnul.
  1975 | D:3      | Found a stormy altar of Qazlal.
  1976 | D:3      | Noticed Jessica
  1983 | D:3      | Killed Jessica
  2041 | D:3      | Found a burning altar of Makhleb.
  2041 | D:3      | Noticed a blizzard demon
  2234 | D:4      | Gained mutation: You heal very quickly. [vine stalker growth]
  2234 | D:4      | Reached XP level 6. HP: 21/33 MP: 8/8
  2643 | D:4      | Found a sacrificial altar of Ru.
  2975 | D:5      | Entered Level 5 of the Dungeon
  3068 | D:5      | Reached skill level 6 in Unarmed Combat
  3098 | D:5      | Found a shimmering altar of Xom.
  3114 | D:5      | Found a shadowy altar of Dithmenos.
  3168 | D:5      | Reached XP level 7. HP: 37/37 MP: 9/9
  3323 | D:5      | Found a white marble altar of Elyvilon.
  3839 | D:6      | Gained mutation: You have razor-sharp teeth. [vine stalker growth]
  3839 | D:6      | Reached XP level 8. HP: 39/42 MP: 11/11
  3844 | D:6      | Found Heguyl's Weapon Emporium.
  3872 | D:6      | Found a staircase to the Ecumenical Temple.
  3893 | Temple   | Entered the Ecumenical Temple
  4056 | D:6      | Reached skill level 5 in Fighting
  4059 | D:6      | Reached skill level 7 in Unarmed Combat
  4078 | D:6      | Found a snail-covered altar of Cheibriados.
  4860 | D:7      | Reached skill level 8 in Unarmed Combat
  4860 | D:7      | Reached XP level 9. HP: 41/48 MP: 12/12
  4995 | D:7      | Found Gruolug's Assorted Antiques.
  5021 | D:7      | Bought a green potion for 20 gold pieces
  5021 | D:7      | Bought a potion of haste for 230 gold pieces
  5021 | D:7      | Bought a bubbling red potion for 20 gold pieces
  5021 | D:7      | Bought a scroll of magic mapping for 80 gold pieces
  5043 | D:7      | Found an ancient bone altar of Kikubaaqudgha.
  5252 | D:7      | Got a crude leather armour
  5921 | D:8      | Found a white marble altar of Elyvilon.
  6084 | D:8      | Reached skill level 9 in Unarmed Combat
  6129 | D:8      | Reached skill level 5 in Shields
  6218 | D:8      | Reached XP level 10. HP: 51/55 MP: 13/13
  6663 | D:9      | Noticed a white ugly thing
  6671 | D:9      | HP: 1/55 [white ugly thing (25)]
  6694 | D:9      | Slain by a white ugly thing

Action                   |  1- 3 |  4- 6 |  7- 9 | 10-12 || total
-------------------------+-------+-------+-------+-------++-------
Melee: Unarmed           |    95 |   144 |   355 |    51 ||   645
Throw: Tomahawk          |       |       |     3 |       ||     3
Evoke: Wand              |       |       |       |     2 ||     2
  Use: Scroll            |       |     8 |     5 |     1 ||    14
 Stab: Sleeping          |     1 |     2 |     4 |       ||     7
       Distracted        |     1 |       |       |     1 ||     2
  Eat: Pizza             |     1 |     1 |       |       ||     2
       Bread ration      |       |     1 |     2 |       ||     3
       Beef jerky        |       |       |     3 |       ||     3
